 Dungeon Crawl Stone Soup version 0.30.0-29-ga12c61a403 (webtiles) character file.

Game seed: 18171842865087830536

5392 hawla the Thaumaturge (level 11, 0/79 (81) HPs)
             Began as a Meteoran Fire Elementalist on June 6, 2023.
             Killed from afar by an electric eel (8 damage)
             ... with a bolt of electricity
             ... on level 8 of the Dungeon on June 7, 2023.
             The game lasted 00:19:04 (3422 turns).

hawla the Thaumaturge (Meteoran Fire Elementalist)  Turns: 3422, Time: 00:19:04

HP:   0/79 (81)     AC:  7    Str:  9    XL:     11   Next: 18%
MP:   22/27         EV: 14    Int: 21    God:
Gold: 333           SH:  0    Dex: 16    Spells: 25/32 levels left

rFire   . . .        n - +1 flail
rCold   . . .        (no shield)
rNeg    . . .        b - +0 steam dragon scales
rPois   .            (no helmet)
rElec   .            v - +0 cloak
rCorr   .            (no gloves)
SInv    .            e - +0 pair of boots
Will    +....        (no amulet)
Stlth   +            c - ring of wizardry
HPRegen 0.33/turn    (no ring)
MPRegen 0.20/turn

%: wizardry (x1)
@: glowing, studying Staves, lightly drained
A: sense surroundings 2, otherworldly, glowing, explore regen
a: no special abilities


You were on level 8 of the Dungeon.
You visited 2 branches of the dungeon, and saw 9 of its levels.
You also visited: Sewer.

You collected 333 gold pieces.

Inventory:

Hand Weapons
 n - a +1 flail (weapon)
Armour
 b - +0 steam dragon scales (worn)
 e - a +0 pair of boots (worn)
 v - a +0 cloak (worn)
Magical Staves
 h - a staff of fire
Jewellery
 c - a ring of wizardry (left hand)
 w - a ring of wizardry
 y - an amulet of reflection
Wands
 j - a wand of iceblast (13)
 m - a wand of quicksilver (8) (quivered)
Scrolls
 d - a scroll of teleportation
 o - 3 scrolls of identify
 x - a scroll of noise {unknown}
 z - 4 scrolls of acquirement {unknown}
Potions
 a - 3 potions of invisibility {unknown}
 f - 3 potions of degeneration {unknown}
 g - 3 potions of attraction
 i - 2 potions of heal wounds
 k - 4 potions of curing
 l - 3 potions of haste
 p - a potion of magic
 q - 2 potions of mutation {unknown}
 r - a potion of might {unknown}
 s - a potion of resistance {unknown}
 t - a potion of berserk rage {unknown}
 u - 2 potions of cancellation {unknown}


   Skills:
 + Level 2.7 Fighting
 + Level 3.2(4.2) Maces & Flails
 + Level 3.6(4.2) Staves
 + Level 4.7 Dodging
 - Level 1.4 Stealth
 + Level 11.2 Spellcasting
 + Level 7.5 Conjurations
 + Level 10.9 Fire Magic
 + Level 3.0 Evocations


You had 25 spell levels left.
You knew the following spells:

 Your Spells              Type           Power      Damage    Failure   Level
a - Foxfire               Conj/Fire      100%       2x1d9     1%          1
b - Scorch                Fire           100%       2d9       1%          2
c - Flame Wave            Conj/Fire      50%        2d12      1%          4

Your spell library contained the following spells:

 Spells                   Type           Power      Damage    Failure   Level
 Inner Flame              Hex/Fire       34%        N/A       1%          3
 Volatile Blastmotes      Fire/Tloc      68%        2d15      1%          3
 Summon Small Mammal      Summ           44%        N/A       2%          1
 Call Canine Familiar     Summ           11%        N/A       7%          3
 Gell's Gravitas          Tloc           11%        N/A       7%          3
 Portal Projectile        Hex/Tloc       22%        N/A       7%          3
 Summon Guardian Golem    Hex/Summ       11%        N/A       7%          3
 Teleport Other           Tloc           11%        N/A       7%          3
 Leda's Liquefaction      Hex/Erth       5%         N/A       22%         4
 Dispersal                Tloc           5%         N/A       96%         6


Dungeon Overview and Level Annotations

Branches:
Dungeon (8/15) Zot: 1644   Temple (1/1) D:4 Zot: 533   Sewer (visited)
   Lair: D:8-11

Altars:
Ashenzari
Cheibriados
Dithmenos
Elyvilon
Gozag
Hepliaklqana
Kikubaaqudgha
Makhleb
Nemelex Xobeh
Okawaru
Qazlal
Ru
Sif Muna
Trog
Wu Jian
Xom
Yredelemnul
The Shining One

Shops:
D:5 *


Innate Abilities, Weirdness & Mutations

You passively map the area around you.
You are easily found by Zot.
You glow in the dark.
You regain HP and MP as you explore.


Message History

The bolt of electricity hits you!
Found 18 gold pieces.
An ice beast and an electric eel come into view.
The electric eel shoots out a bolt of lightning at you!
The bolt of electricity hits you!
The electric eel shoots out a bolt of lightning at you!
The bolt of electricity hits you.
The electric eel shoots out a bolt of lightning at you!
The bolt of electricity hits the electric eel.
The electric eel completely resists.
The bolt of electricity hits you!
The electric eel shoots out a bolt of lightning at you!
The bolt of electricity hits you. The bolt of electricity misses you.
The electric eel shoots out a bolt of lightning at you!
The bolt of electricity hits you!
Casting: Scorch (safe; 1% risk of failure)
Confirm with . or Enter, or press ? or * to list all spells.
Casting: Flame Wave (mildly dangerous; 1% risk of failure)
Press: ? - help, Dir - look around, f - activate A wave of flame ripples out! (Press . to intensify the flame waves.)
You hear a croak.
A bullfrog comes into view.
The electric eel shoots out a bolt of lightning at you!
The bolt of electricity hits you! The bolt of electricity hits you.
The electric eel shoots out a bolt of lightning at you!
The bolt of electricity hits the electric eel.
The electric eel completely resists.
The bolt of electricity hits you!
* * * LOW HITPOINT WARNING * * *
A wave of flame ripples out!
The flame wave engulfs the electric eel!
The electric eel is heavily wounded.
The electric eel shoots out a bolt of lightning at you!
The bolt of electricity hits the electric eel.
The electric eel completely resists.
The bolt of electricity hits you!
* * * LOW HITPOINT WARNING * * *
The electric eel shoots out a bolt of lightning at you!
The bolt of electricity hits you!
* * * LOW HITPOINT WARNING * * *
The bolt of electricity hits you!
You die...

#+# #..
####...#####* ,
.[..+......## ,*
*, ,
,.######..######,
** ,,
.......)....... ,
, ### *
#######..###### *
..# , , , #..# ,
#.# , , #..# * ,
* #.# , ,
...##..#####..# *
,* #.#
.....Y..@.......
* #.#
............~...
, #.#
.....~..§.S.~..~
#.#,,
........$.SF.~~~
, * #.# *
####..~~.~.~~S≈≈
, , ..#
#..$~≈≈≈≈≈≈≈≈ ###
....≈~~~~~≈≈≈ ~ *
. , ,
,...~~≈~.~.~.≈≈ ,
# * #?....~~~ ,
~~


You could see an ice beast, a bullfrog and 3 electric eels.

Vanquished Creatures
  Maggie (D:6)
  A troll (D:8)
  Sigmund (D:6)
  5 steam dragons
  2 water moccasins (D:5)
  A sky beast (D:5)
  3 black bears
  4 orc warriors (D:7)
  2 ice beasts
  2 wolves (D:8)
  2 centaurs
  2 ogres
  2 kobold brigands
  2 phantoms (D:5)
  4 scorpions
  3 bullfrogs
  5 wights (D:7)
  2 howler monkeys
  7 orc priests
  13 hounds
  A jelly (D:4)
  2 sleepcaps
  A gnoll bouda (D:6)
  Ijyb (D:4)
  5 iguanas
  6 orc wizards
  8 adders
  17 gnolls
  2 white imps
  4 ufetubi
  5 dart slugs
  26 orcs
  3 ball pythons
  3 bats
  3 giant cockroaches
  3 hobgoblins
  3 jackals (D:4)
  17 kobolds
  3 quokkas
  2 frilled lizards (Sewer)
  8 goblins (D:4)
  2 rats (Sewer)
189 creatures vanquished.

Vanquished Creatures (others)
  223 foxfires
223 creatures vanquished.

Grand Total: 412 creatures vanquished

Notes
Turn   | Place    | Note
-------+----------+-------------------------------------------
     0 | D:1      | hawla the Meteoran Fire Elementalist began the quest for
                  | the Orb.
     0 | D:1      | Reached XP level 1. HP: 14/14 MP: 5/5
    80 | D:2      | Reached XP level 2. HP: 19/20 MP: 4/6
    83 | D:2      | Learned a level 2 spell: Scorch
   141 | D:4      | Reached skill level 3 in Spellcasting
   149 | D:4      | Reached XP level 3. HP: 26/26 MP: 3/8
   199 | D:4      | Reached skill level 1 in Staves
   199 | D:4      | Reached skill level 1 in Evocations
   199 | D:4      | Reached XP level 4. HP: 33/33 MP: 7/9
   254 | D:4      | Reached XP level 5. HP: 38/38 MP: 1/10
   303 | D:4      | Found a staircase to the Ecumenical Temple.
   337 | Temple   | Entered the Ecumenical Temple
   396 | Temple   | Learned a level 4 spell: Flame Wave
   450 | D:4      | Reached XP level 6. HP: 42/45 MP: 3/11
   755 | D:4      | Noticed Ijyb
   760 | D:4      | Killed Ijyb
   869 | D:5      | Entered Level 5 of the Dungeon
   887 | D:5      | Noticed a sky beast
   893 | D:5      | Killed a sky beast
   894 | D:5      | Reached XP level 7. HP: 41/50 MP: 6/13
   971 | D:5      | Noticed a water moccasin
   976 | D:5      | Killed a water moccasin
   977 | D:5      | Reached skill level 4 in Spellcasting
   979 | D:5      | Reached skill level 5 in Conjurations
   983 | D:5      | Reached skill level 5 in Spellcasting
   983 | D:5      | Reached skill level 5 in Fire Magic
   983 | D:5      | Reached XP level 8. HP: 35/57 MP: 5/16
  1003 | D:5      | Found a hazy altar of Hepliaklqana.
  1034 | D:5      | Identified the +1 ring mail of Autumn {rCorr Int+4}
  1056 | D:5      | Found Gutinkad's General Store.
  1309 | D:5      | Reached skill level 6 in Spellcasting
  1345 | D:5      | Gained mutation: You passively map the area around you.
                  | [Meteoran growth]
  1345 | D:5      | Reached XP level 9. HP: 51/63 MP: 7/20
  1347 | D:5      | Reached skill level 7 in Spellcasting
  1563 | D:6      | Reached skill level 1 in Fighting
  1563 | D:6      | Reached skill level 8 in Spellcasting
  1674 | D:6      | Noticed Maggie
  1680 | D:6      | Killed Maggie
  1681 | D:6      | Reached skill level 9 in Spellcasting
  1681 | D:6      | Reached XP level 10. HP: 61/72 MP: 11/24
  1931 | D:6      | Noticed Sigmund
  1934 | D:6      | Killed Sigmund
  2133 | D:6      | Found a glowing drain.
  2142 | Sewer    | Entered a sewer
  2269 | Sewer    | Reached skill level 10 in Spellcasting
  2432 | D:7      | Reached skill level 1 in Maces & Flails
  2432 | D:7      | Reached skill level 10 in Fire Magic
  2876 | D:7      | Reached XP level 11. HP: 79/79 MP: 19/26
  3202 | D:8      | Reached skill level 11 in Spellcasting
  3382 | D:8      | Found a glowing golden altar of the Shining One.
  3422 | D:8      | Killed from afar by an electric eel

Illustrated notes

Levels and vault maps discovered:
D:1:      psy_arrival_dodecagon, layout_rooms, roderic_lattice_a
D:2:      layout_basic, dreamdust_ecumenical_altar_sealed_demon,
          minmay_pentomino_o2
D:3:      layout_basic, zin_scriptorium, jmf_multi_god_temple,
          uniq_crazy_yiuf_cottage
D:4:      kennysheep_goblin_castle, layout_cave_pools,
          minmay_temple_entry_steel_oval
D:5:      layout_rooms, nzn_hepliaklqana_mist_gate, serial_shops, shop,
          nicolae_zen_rock_garden, minmay_joined_circles
D:6:      cheibrodos_steamvent, layout_loops_cross, gup_sewer_entry_bowl,
          uniq_sigmund, uniq_maggie
D:7:      layout_basic, minmay_manual_mail
D:8:      kennysheep_housing_project, layout_basic, lemuel_doored_altar,
          erik_lair_island, dreamdust_wishing_well
Temple:   nicolae_temple_x_marks_the_god

Skill      XL: |  1  2  3  4  5  6  7  8  9 10 11 |
---------------+----------------------------------+-----
Spellcasting   | 3 5 6 9 10 11 | 11.2
Fire Magic     | 4 5 6 8 10 | 10.9
Staves         | 1 2 3 |  3.6
Evocations     | 1 2 3 |  3.0
Conjurations   | 2 4 5 6 7 |  7.5
Dodging        | 3 4 |  4.7
Fighting       | 1 2 |  2.7
Maces & Flails | 2 3 |  3.2
Stealth        | |  1.4

Action                     |  1- 3 |  4- 6 |  7- 9 | 10-12 || total
---------------------------+-------+-------+-------+-------++-------
  Melee: Unarmed           |     3 |       |       |       ||     3
         Staff             |       |       |     5 |     8 ||    13
         Flail             |       |       |       |    67 ||    67
         Punch             |       |       |       |     2 ||     2
   Cast: Foxfire           |     9 |    52 |    34 |    36 ||   131
         Scorch            |     1 |    14 |    27 |    44 ||    86
         Flame Wave        |       |     1 |    10 |    17 ||    28
    Use: Potion            |       |     2 |     1 |       ||     3
         Scroll            |       |     8 |     3 |     2 ||    13
 Armour: Robe              |     1 |     1 |     2 |       ||     4
         Steam dragon scal |       |       |       |    41 ||    41
  Dodge: Dodged            |     2 |    15 |    15 |   118 ||   150
